 Dungeon Crawl Stone Soup version 0.31-a0-237-g2d982f9f85 (webtiles) character file.

Game seed: 10004732384356686586

52 qw the Shooter (level 3, -3/21 HPs)
             Began as a Gargoyle Hexslinger on July 11, 2023.
             Slain by a gnoll
             ... wielding a +0 flail
              (11 damage)
             ... on level 2 of the Dungeon.
             The game lasted 00:00:25 (906 turns).

qw the Shooter (Gargoyle Hexslinger)                 Turns: 906, Time: 00:00:26

Health: -3/21      AC:  7    Str: 11    XL:     3   Next: 85%
Magic:  1/1        EV: 12    Int: 13    God:
Gold:   58         SH:  0    Dex: 14    Spells: 3/4 levels left

rFire   . . .        Y - +3 sling (antimagic)
rCold   . . .        (no shield)
rNeg    + . .        c - +0 robe
rPois   inf          g - +2 hat
rElec   +            (no cloak)
rCorr   .            (no gloves)
SInv    .            (no boots)
Will    .....        (no amulet)
Stlth   +            (no ring)
HPRegen 0.23/turn    (no ring)
MPRegen 0.07/turn

%: no passive effects
@: no status effects
A: sickness immunity, AC +3, negative energy resistance 1, electricity
resistance, torment resistance 1, petrification resistance
a: no special abilities


You were on level 2 of the Dungeon.
You visited 1 branch of the dungeon, and saw 2 of its levels.

You collected 58 gold pieces.


Innate Abilities, Weirdness & Mutations

You are immune to sickness and miasma.
Your stone body is resilient. (AC +3)
You are immune to poison.
You resist negative energy. (rN+)
You are resistant to electric shocks. (rElec)
You are resistant to unholy torment.
You are immune to petrification.


   Skills:
 - Level 2.0 Fighting
 + Level 3.7 Ranged Weapons
 - Level 1.5 Dodging
 - Level 1.0 Spellcasting
 - Level 2.6 Hexes


You had 3 spell levels left.
You knew the following spells:

 Your Spells              Type           Power      Damage    Failure   Level
a - Slow                  Hex            28%        N/A       10%         1

Your spell library contained the following spells:

 Spells                   Type           Power      Damage    Failure   Level
 Inner Flame              Hex/Fire       4%         N/A       43%         3
 Portal Projectile        Hex/Tloc       8%         N/A       43%         3
 Cause Fear               Hex            3%         N/A       67%         4

Inventory:

Hand Weapons
 Y - a +3 antimagic sling (weapon)
Armour
 c - a +0 robe (worn)
 g - a +2 hat (worn)
Scrolls
 a - a scroll of teleportation
 b - a scroll of blinking {unknown}
 d - a scroll of revelation {unknown}
Potions
 e - a potion of magic {unknown}
 i - a potion of heal wounds {unknown}

Dungeon Overview and Level Annotations

Branches:
Dungeon (2/15)

Altars:


Message History

You shoot a sling bullet.
The sling bullet barely misses the gnoll.
The gnoll closely misses you.
You shoot a sling bullet. The sling bullet hits the gnoll.
The gnoll is lightly wounded.
You hear a shout!
The gnoll hits you from afar with a +0 spear.
You shoot a sling bullet.
The sling bullet barely misses the gnoll.
The gnoll barely misses you.
You shoot a sling bullet. The sling bullet hits the gnoll.
The gnoll is heavily wounded.
The gnoll closely misses you.
You shoot a sling bullet.
The sling bullet hits the gnoll but does no damage.
The gnoll is heavily wounded.
The gnoll hits you but does no damage. The gnoll barely misses you.
A gnoll comes into view. It is wielding a +0 flail.
You shoot a sling bullet. The gnoll shouts!
The sling bullet hits the gnoll.
The gnoll is moderately wounded.
The gnoll hits you from afar with a +0 spear.
The gnoll hits you with a +4 whip of draining.
You shoot a sling bullet. The sling bullet hits the gnoll.
The gnoll is severely wounded.
The gnoll closely misses you. The gnoll misses you.
The gnoll hits you but does no damage.
You shoot a sling bullet. The sling bullet hits the gnoll.
You kill the gnoll!
The gnoll hits you from afar with a +0 spear.
You shoot a sling bullet. The sling bullet hits the gnoll.
The gnoll is heavily wounded.
The gnoll hits you but does no damage. The gnoll closely misses you.
You shoot a sling bullet. The sling bullet hits the gnoll.
The gnoll is severely wounded.
The gnoll hits you from afar with a +0 spear!
The gnoll hits you with a +0 flail!
Ouch! That really hurt!
You die...

##########
#.........
#.......g.
###........g
#...g)......
##....#
#...g@#
#.....#
#.....#
#.....#
####.....#
.......>.#
####.....#
#.....#
#.....#####


You could see 2 gnolls.

Vanquished Creatures
  2 gnolls (D:2)
  7 ball pythons (D:1)
  3 bats (D:1)
  A giant cockroach (D:1)
  2 goblins (D:1)
  4 hobgoblins (D:1)
  2 quokkas
  3 frilled lizards
  4 kobolds (D:1)
  5 rats (D:1)
33 creatures vanquished.

Notes
Turn   | Place    | Note
-------+----------+-------------------------------------------
     0 | D:1      | qw the Gargoyle Hexslinger began the quest for the Orb.
     0 | D:1      | Reached XP level 1. HP: 12/12 MP: 2/2
     0 | D:1      | 0 ||| qw: Version: 0.3-a-52-g30416fa
     0 | D:1      | 0 ||| qw: Game counter: 5606
     0 | D:1      | 0 ||| qw: Melee chars always use a shield: true
     0 | D:1      | 0 ||| qw: God list: Okawaru
     0 | D:1      | 0 ||| qw: Allow faded altars: false
     0 | D:1      | 0 ||| qw: Do Orc after clearing Dungeon:15 true
     0 | D:1      | 0 ||| qw: Do second Lair branch before Depths: true
     0 | D:1      | 0 ||| qw: Lair rune preference: random
     0 | D:1      | 0 ||| qw: Goals: Normal
     0 | D:1      | 0 ||| PLANNING D:1-11
   210 | D:1      | Reached XP level 2. HP: 16/16 MP: 3/3
   232 | D:1      | Found a faded altar of an unknown god.
   245 | D:1      | Reached skill level 3 in Ranged Weapons
   417 | D:1      | Reached XP level 3. HP: 21/21 MP: 4/4
   682 | D:1      | 682 ||| UPGRADING to +2 hat.
   687 | D:1      | 687 ||| READING scroll labelled OQUURCH PAJIANK.
   687 | D:1      | Identified a scroll of acquirement
   687 | D:1      | 687 ||| ACQUIRING +3 antimagic sling
   687 | D:1      | Acquired a +3 antimagic sling
   689 | D:1      | 689 ||| SWAPPING to +3 antimagic sling.
   690 | D:1      | 690 ||| DROPPING +1 sling.
   691 | D:1      | 691 ||| READING 2 scrolls labelled YNLIGUC WUCH.
   696 | D:1      | 696 ||| READING 2 scrolls labelled TULAXO KYTOLAMN.
   697 | D:1      | 697 ||| READING 2 scrolls labelled KESUMA CADWIDEUGU.
   698 | D:1      | 698 ||| DROPPING scroll of poison.
   699 | D:1      | 699 ||| DROPPING scroll of fear.
   700 | D:1      | 700 ||| DROPPING scroll of noise.
   891 | D:2      | 891 ||| Stepping ~*~*~tactically~*~*~ (outnumbered).
   892 | D:2      | 892 ||| Stepping ~*~*~tactically~*~*~ (outnumbered).
   906 | D:2      | Slain by a gnoll

Levels and vault maps discovered:
D:1:      dpeg_arrival_three_bigger_balls, layout_loops_ring,
          nicolae_ecumenical_snake_handling
D:2:      layout_basic, kennysheep_potato

Skill      XL: |  1  2  3 |
---------------+----------+-----
Ranged Weapons | 3 |  3.7
Fighting       | 2 |  2.0
Dodging        | |  1.5
Spellcasting   | |  1.0
Hexes          | |  2.6

Action                     || total
---------------------------++-------
   Fire: Sling             ||   107
    Use: Scroll            ||     4
 Armour: Robe              ||    16
  Dodge: Dodged            ||    38

Table legend:
 A = Non-vault XP
 B = Vault XP
 C = Vault XP percentage of total XP
 D = Non-vault monster count
 E = Vault monster count
 F = Vault count percentage of total count
                 A         B        C        D         E       F
            +---------+---------+-------+---------+---------+-------
      Total |      68 |       7 |   9.3 |      28 |       5 |  15.2
            +---------+---------+-------+---------+---------+-------
        D:1 |      35 |       7 |  16.7 |      23 |       5 |  17.9
        D:2 |      33 |       0 |   0.0 |       5 |       0 |   0.0
            +---------+---------+-------+---------+---------+-------
